 Dungeon Crawl Stone Soup version 0.21-a0-404-g291f19a (webtiles) character file.

301 FerrousOx the Grave Robber (level 6, -5/41 HPs)
             Began as a Demonspawn Necromancer on Oct 30, 2017.
             Killed by divine providence
             ... invoked by an orc priest
              (16 damage)
             ... on level 4 of the Dungeon.
             The game lasted 00:12:09 (5298 turns).

FerrousOx the Grave Robber (Demonspawn Necromancer) Turns: 5298, Time: 00:12:10

Health: -5/41      AC:  4    Str:  8    XL:     6   Next: 14%
Magic:  10/11      EV: 12    Int: 21    God:
Gold:   136        SH:  0    Dex: 14    Spells: 3/12 levels left

rFire    . . .     SeeInvis .   g - +1 dagger (venom)
rCold    . . .     Gourm    .   (no shield)
rNeg     . . .     Faith    .   a - +0 robe
rPois    .         Spirit   .   (no helmet)
rElec    .         Reflect  .   (no cloak)
rCorr    .         Harm     .   (no gloves)
MR       .....                  (no boots)
Stlth    ++........             (no amulet)
HPRegen  0.13/turn              v - +3 ring of intelligence
MPRegen  0.12/turn              s - ring of wizardry

@: no status effects
A: talons 1, thin metallic scales 1
a: no special abilities


You were on level 4 of the Dungeon.
You were hungry.

You visited 1 branch of the dungeon, and saw 4 of its levels.

You collected 136 gold pieces.

Inventory:

Hand Weapons
 g - a +1 dagger of venom (weapon)
 i - a +2 dagger of protection
 p - a +0 whip
Armour
 a - a +0 robe (worn)
 u - a +1 pair of boots
Jewellery
 j - an uncursed ring of flight
 s - a ring of wizardry (right hand)
 v - a +3 ring of intelligence (left hand)
Scrolls
 e - a scroll of immolation
 k - a scroll of enchant armour
 m - a scroll of remove curse
 n - a scroll of amnesia
 o - a scroll of magic mapping {unknown}
 r - a scroll of enchant weapon {unknown}
Potions
 h - 3 potions of lignification
 q - a potion of heal wounds
Books
 b - a book of Necromancy

   Spells                             Type                      Level
   a - Pain                           Necromancy                   1
   b - Animate Skeleton               Necromancy                   1
   c - Vampiric Draining              Necromancy                   3
   d - Regeneration                   Charms/Necromancy            3
   e - Animate Dead                   Necromancy                   4
   f - Control Undead                 Necromancy                   4
Comestibles
 c - 4 bread rations
 d - 4 fruits
 l - a meat ration


   Skills:
 * Level 1.4 Short Blades
 - Level 1.8 Dodging
 - Level 1.7 Stealth
 + Level 3.5 Spellcasting
 + Level 7.0 Necromancy


You had 3 spell levels left.
You knew the following spells:

 Your Spells              Type           Power        Failure   Level  Hunger
a - Pain                  Necr           ####         1%          1    None
b - Animate Skeleton      Necr           N/A          1%          1    None
c - Vampiric Draining     Necr           ####......   1%          3    ###....
d - Animate Dead          Necr           N/A          2%          4    ####...


Dungeon Overview and Level Annotations

Branches:
Dungeon (4/15)
 Temple: D:4-7

Altars:
Ashenzari
Ru
Uskayaw

Annotations:
D:4 FerrousOx's ghost, amateur DsNe


Innate Abilities, Weirdness & Mutations

You have sharp toenails.
You are partially covered in thin metallic scales. (AC +2)


Message History

The orc priest shouts!
Found a bread ration.
Things that are here:
a club; a leather armour; an orc corpse The orc closely misses you.
The orc priest calls down the wrath of Beogh upon you.
Beogh smites you!
Casting: Pain
Confirm with . or Enter, or press ? or * to list all spells.
Aiming: Pain
Press: ? - help, Shift-Dir - straight line, f - orc
Aim: an orc, wielding a whip and wearing a scale mail (chance to defeat MR: 93%)
The orc writhes in agony!
The orc closely misses you.
The orc priest invokes the aid of Beogh against you.
Beogh smites you!
* * * LOW HITPOINT WARNING * * *
Unknown command.
The orc priest mumbles some strange prayers to Beogh against you.
Beogh smites you!
You die...

####.......#.####
.............+
#.#....)..#
#.###.### #o#
#.#.###.#########
.................
###.###.#o##.#.##
#.#@# #.#^# #.#.#
#.#.# ..#.# ###.#
#.# #<# ###


You could see an orc priest and an orc.

Vanquished Creatures
  13 adders
  8 gnolls
  An ooze (D:1)
  2 worms (D:2)
  2 dart slugs
  3 leopard geckos (D:1)
  6 orcs
  6 bats
  3 giant cockroaches
  8 goblins
  9 hobgoblins
  3 jackals (D:3)
  A quokka (D:3)
  2 ball pythons (D:1)
  2 frilled lizards (D:1)
  7 kobolds
  11 rats
87 creatures vanquished.

Vanquished Creatures (collateral kills)
  2 orcs (D:3)
  A kobold (D:3)
  A frilled lizard (D:3)
  A rat (D:3)
5 creatures vanquished.

Grand Total: 92 creatures vanquished

Notes
Turn   | Place    | Note
-------+----------+-------------------------------------------
     0 | D:1      | FerrousOx the Demonspawn Necromancer began the quest for the Orb.
     0 | D:1      | Reached XP level 1. HP: 13/13 MP: 3/3
   143 | D:1      | Gained mutation: You have sharp toenails. [demonic ancestry]
   143 | D:1      | Reached XP level 2. HP: 9/19 MP: 0/5
   212 | D:1      | Reached skill level 5 in Necromancy
   793 | D:1      | Learned a level 1 spell: Animate Skeleton
  1024 | D:1      | Gained mutation: You are partially covered in thin metallic scales. (AC +2) [demonic ancestry]
  1024 | D:1      | Reached XP level 3. HP: 23/24 MP: 3/6
  1653 | D:1      | HP: 1/24 [gnoll/club (1)]
  1655 | D:1      | Reached XP level 4. HP: 1/30 MP: 1/7
  2104 | D:1      | Learned a level 3 spell: Vampiric Draining
  2122 | D:2      | Reached skill level 6 in Necromancy
  2661 | D:2      | Reached XP level 5. HP: 33/35 MP: 5/9
  2915 | D:2      | Reached skill level 1 in Short Blades
  3211 | D:2      | Found a sacrificial altar of Ru.
  3708 | D:3      | Found a hide-covered altar of Uskayaw.
  4214 | D:3      | Reached XP level 6. HP: 39/41 MP: 3/11
  4298 | D:3      | Learned a level 4 spell: Animate Dead
  4596 | D:3      | Found a shattered altar of Ashenzari.
  4645 | D:3      | Found a faded altar of an unknown god.
  5187 | D:4      | Noticed FerrousOx's ghost (amateur DsNe)
  5287 | D:4      | Reached skill level 7 in Necromancy
  5298 | D:4      | Killed from afar by an orc priest

Vault maps used:
D:1:      dpeg_arrival_snail, serial_bayou_pond_a
D:2:      nicolae_ru_path_of_blood
D:3:      lemuel_crystal_altar, evilmike_ruin_ashenzari, serial_glass,
          glass_columns_a, glass_columns_a, feat_on_display, first_bread,
          chequers_ecumenical_altar_simple_redux
D:4:      nicolae_overflow_crystal_walls

Skill      XL: |  1  2  3  4  5  6 |
---------------+-------------------+-----
Necromancy     | 5 6 7 |  7.0
Short Blades   | 1 |  1.4
Spellcasting   | 3 |  3.5
Dodging        | |  1.8
Stealth        | |  1.7

Action                   |  1- 3 |  4- 6 || total
-------------------------+-------+-------++-------
Melee: Unarmed           |    10 |       ||    10
       Dagger            |    31 |    24 ||    55
       Kick              |     8 |     4 ||    12
 Cast: Pain              |    35 |   124 ||   159
       Animate Skeleton  |     1 |     1 ||     2
       Vampiric Draining |       |     4 ||     4
       Animate Dead      |       |     4 ||     4
  Use: Scroll            |       |     6 ||     6
 Stab: Sleeping          |       |     1 ||     1
  Eat: Chunk             |     1 |     2 ||     3
       Fruit             |       |     2 ||     2
       Bread ration      |       |     1 ||     1
       Meat ration       |       |     1 ||     1
Armor: Robe              |    12 |    17 ||    29
Dodge: Dodged            |    42 |    56 ||    98

Table legend:
 A = Spawn XP
 B = Non-spawn XP
 C = Spawn XP percentage of total XP
 D = Spawn monster count
 E = Non-spawn monster count
 F = Spawn count percentage of total count
 G = Total turns spent on level
                    A         B        C        D         E        F      G
               +---------+---------+-------+---------+---------+-------+---------
         Total |       0 |     430 |   0.0 |       0 |      92 |   0.0 |  5298
               +---------+---------+-------+---------+---------+-------+---------
           D:1 |       0 |     132 |   0.0 |       0 |      31 |   0.0 |  2467
           D:2 |       0 |     205 |   0.0 |       0 |      33 |   0.0 |  1671
           D:3 |       0 |      90 |   0.0 |       0 |      27 |   0.0 |  1085
           D:4 |       0 |       3 |   0.0 |       0 |       1 |   0.0 |    75
               +---------+---------+-------+---------+---------+-------+---------
